 Dungeon Crawl Stone Soup version 0.27.1 (webtiles) character file.

Game seed: 16910251783809547280

2307 Destapler the Ruffian (level 9, -4/85 (89) HPs)
             Began as a Troll Berserker on Aug 24, 2021.
             Was a High Priest of Trog.
             Shot with an arrow by a centaur (5 damage)
             ... on level 8 of the Dungeon.
             The game lasted 00:14:59 (5789 turns).

Destapler the Ruffian (Troll Berserker)             Turns: 5789, Time: 00:15:00

HP:   -4/85 (89)    AC:  5    Str: 30    XL:     9   Next: 18%
MP:   8/8           EV: 11    Int:  3    God:    Trog [*****.]
Gold: 441           SH:  0    Dex:  9    Spells: 8/8 levels left

rFire    . . .     SeeInvis .     - Unarmed
rCold    . . .     Faith    +   (no shield)
rNeg     . . .     Spirit   .   a - +0 animal skin
rPois    .         Reflect  .   (helmet restricted)
rElec    .         Harm     .   f - +0 cloak
rCorr    .         Rampage  .   (gloves unavailable)
Will     .....                  (boots unavailable)
Stlth    +.........             l - amulet of faith
HPRegen  1.24/turn              (no ring)
MPRegen  0.11/turn              (no ring)

@: on berserk cooldown, slowed, lightly drained, very slow
A: large, unfitting armour, claws 3, regeneration 1, shaggy fur 1, tough skin 1
a: Renounce Religion, Berserk, Trog's Hand, Brothers in Arms


You were on level 8 of the Dungeon.
You worshipped Trog.
Trog was extremely pleased with you.
You visited 1 branch of the dungeon, and saw 8 of its levels.
You also visited: Sewer.

You collected 441 gold pieces.

Inventory:

Missiles
 b - 79 poisoned darts (quivered)
 w - 4 boomerangs
Armour
 a - a +0 animal skin (worn)
 f - a +0 cloak (worn)
Jewellery
 g - a ring of ice
 k - a ring of magical power
 l - an amulet of faith (around neck)
 q - a +6 ring of intelligence
 y - a ring of ice
Wands
 e - a wand of iceblast (9)
Scrolls
 c - 2 scrolls of enchant weapon
 d - 8 scrolls of identify
 h - 5 scrolls of teleportation
 j - 2 scrolls of immolation
 p - a scroll of noise {unknown}
 v - a scroll of amnesia {unknown}
 A - a scroll of fear
Potions
 i - 2 potions of berserk rage
 m - 4 potions of curing {unknown}
 n - 3 potions of flight {unknown}
 o - 2 potions of lignification {unknown}
 r - 2 potions of heal wounds {unknown}
 s - a potion of haste {unknown}
 t - a potion of brilliance {unknown}
 u - 3 potions of degeneration {unknown}
 x - a potion of invisibility {unknown}
 z - a potion of cancellation {unknown}


   Skills:
 + Level 5.9 Fighting
 + Level 6.0 Dodging
 - Level 4.0 Shields
 + Level 7.1 Unarmed Combat


You had 8 spell levels left.
You didn't know any spells.
Your spell library contained the following spells:

 Spells                   Type           Power      Damage    Failure   Level
 Summon Small Mammal      Summ           0%         N/A       52%         1
 Static Discharge         Conj/Air       0%         N/A       67%         2
 Call Canine Familiar     Summ           0%         N/A       88%         3
 Conjure Flame            Conj/Fire      0%         6-21      88%         3
 Dazzling Flash           Conj/Hex       0%         N/A       88%         3
 Ignite Poison            Fire/Tmut/Pois 0%         N/A       88%         3
 Portal Projectile        Hex/Tloc       0%         N/A       88%         3
 Summon Guardian Golem    Hex/Summ       0%         N/A       88%         3
 Animate Armour           Summ/Erth      0%         N/A       99%         4
 Sticky Flame             Conj/Fire      0%         2d3       99%         4
 Blade Hands              Tmut           0%         N/A       100%        5
 Bolt of Magma            Conj/Fire/Erth 0%         4d4       100%        5
 Excruciating Wounds      Necr           0%         N/A       100%        5


Dungeon Overview and Level Annotations

Branches:
Dungeon (8/15)             Temple (0/1) D:7           Sewer (visited)
   Lair: D:8-11

Altars:
Hepliaklqana

Shops:
D:5 !   D:6 *?!=   D:7 *(


Innate Abilities, Weirdness & Mutations

You are too large for most types of armour.
You have claws for hands.
Your natural rate of healing is unusually fast.
You are covered in fur. (AC +1)
You have tough skin. (AC +1)


Message History

The wight hits you with a +0 great sword!
A wight comes into view. It is wielding a +3 short sword.
The wight closely misses you.
The centaur shoots an arrow.
The arrow hits you. The arrow burns you.
The wight hits you with a +0 great sword!
* * * LOW HITPOINT WARNING * * *
You feel drained.
* * * LOW HITPOINT WARNING * * *
A howler monkey comes into view.
The wight hits you with a +0 hand axe.
* * * LOW HITPOINT WARNING * * *
You feel drained.
* * * LOW HITPOINT WARNING * * *
The howler monkey hits you.
* * * LOW HITPOINT WARNING * * *
The orc barely misses you.
A howler monkey comes into view.
The howler monkey closely misses you. The wight barely misses you.
The howler monkey completely misses you.
The howler monkey howls!
The howler monkey hoots and howls with incredible vigour!
The orc barely misses you.
You hear an angry buzzing noise. x3; You hear a shout!
The howler monkey hoots and howls with incredible vigour!
The centaur shoots an arrow.
The arrow hits you.
* * * LOW HITPOINT WARNING * * *
The arrow burns you.
* * * LOW HITPOINT WARNING * * *
The wight barely misses you. The orc hits you with a +0 flail.
* * * LOW HITPOINT WARNING * * *
A killer bee comes into view.
The howler monkey hoots and howls with incredible vigour!
The orc hits you with a +0 flail.
* * * LOW HITPOINT WARNING * * *
You hear an angry buzzing noise.
The centaur shoots an arrow.
The arrow hits you!
* * * LOW HITPOINT WARNING * * *
The arrow burns you.
You die...

#...............##....#
##...............#....#
......)).........#..<.###.)
.......).#....y...........#
......######ozhh.........##
#....# ##h.z..########
##... ##oc### #.. #z.# #...
#.@# #.. #..# #..# #..#
...# ..... .##.. ## ###


You could see a centaur, 3 howler monkeys, a killer bee, 3 wights and 2 orcs.

Vanquished Creatures
  A steam dragon (D:6)
  Edmund (D:5)
  A water moccasin (D:7)
  An orc warrior (D:4)
  A hornet zombie (D:5)
  A necrophage (D:5)
  2 phantoms
  7 kobold brigands
  2 scorpions (D:7)
  A water moccasin zombie (D:6)
  3 wights (D:8)
  A howler monkey (D:8)
  A centaur skeleton (D:5)
  A centaur zombie (D:7)
  A hound (D:6)
  2 jellies
  A bullfrog zombie (D:6)
  An orc priest (D:4)
  4 iguanas
  4 orc wizards
  A killer bee zombie (D:5)
  7 gnolls
  7 adders
  2 river rats
  An ufetubus (D:6)
  6 worms
  A dart slug (D:1)
  11 orcs
  5 ball pythons
  7 endoplasms
  3 giant cockroaches
  14 goblins
  10 hobgoblins
  4 jackals (D:5)
  26 kobolds
  6 quokkas
  4 bats
  9 rats
  2 toadstools (D:7)
163 creatures vanquished.

Vanquished Creatures (others)
  A fungus (D:7)
  4 toadstools (D:7)
5 creatures vanquished.

Grand Total: 168 creatures vanquished

Notes
Turn   | Place    | Note
-------+----------+-------------------------------------------
     0 | D:1      | Destapler the Troll Berserker began the quest for the Orb.
     0 | D:1      | Reached XP level 1. HP: 22/22 MP: 0/0
   194 | D:1      | Reached XP level 2. HP: 29/29 MP: 1/1
   596 | D:2      | Reached XP level 3. HP: 36/36 MP: 2/2
   659 | D:2      | Found a faded altar of an unknown god.
   937 | D:2      | Reached ** piety under Trog
   942 | D:2      | Reached XP level 4. HP: 41/45 MP: 3/3
  1176 | D:3      | Reached skill level 4 in Unarmed Combat
  1807 | D:4      | Reached XP level 5. HP: 30/53 MP: 4/4
  1837 | D:4      | Noticed an orc warrior
  1845 | D:4      | Killed an orc warrior
  1966 | D:4      | Reached XP level 6. HP: 62/62 MP: 5/5
  2151 | D:4      | Reached *** piety under Trog
  2972 | D:5      | Entered Level 5 of the Dungeon
  2972 | D:5      | Noticed Edmund
  2981 | D:5      | Killed Edmund
  2982 | D:5      | Reached skill level 5 in Unarmed Combat
  3008 | D:5      | Found a faded altar of an unknown god.
  3008 | D:5      | Found a faded altar of an unknown god.
  3008 | D:5      | Found a hazy altar of Hepliaklqana.
  3130 | D:5      | Reached skill level 1 in Shields
  3161 | D:5      | Reached XP level 7. HP: 70/70 MP: 6/6
  3196 | D:5      | Reached **** piety under Trog
  3325 | D:5      | Found Meshit's Distillery.
  3484 | D:5      | Found a glowing drain.
  3488 | Sewer    | Entered a sewer
  3684 | Sewer    | Reached XP level 8. HP: 52/79 MP: 7/7
  3796 | Sewer    | Reached skill level 6 in Unarmed Combat
  3863 | Sewer    | Reached skill level 5 in Fighting
  3863 | Sewer    | Reached skill level 5 in Dodging
  4221 | D:5      | Reached ***** piety under Trog
  4402 | D:5      | Got Xivusirch's Grimoire of Attacks and Calling
  5065 | D:6      | Found Forhezaiwy's General Store.
  5066 | D:6      | Found Jukocs's Magic Scroll Shop.
  5069 | D:6      | Found Muat's Jewellery Shop.
  5069 | D:6      | Found Sanej's Distillery.
  5348 | D:7      | Found Haylohav's Antique Weapon Emporium.
  5558 | D:7      | Found a staircase to the Ecumenical Temple.
  5622 | D:7      | Found Bujipulo's Serpentskin Sales.
  5626 | D:7      | Reached XP level 9. HP: 81/89 MP: 8/8
  5666 | D:7      | Reached skill level 7 in Unarmed Combat
  5789 | D:8      | HP: 1/85 [centaur/arrow (10)]
  5789 | D:8      | Shot with an arrow by a centaur

Illustrated notes

Levels and vault maps discovered:
D:1:      grunt_arrival_lava_bath, layout_basic, lemuel_another_geyser
D:2:      layout_basic, shapermc_ecumenical_altar_notcrosses,
          kennysheep_minor_cross, minmay_misc_feat_columns
D:3:      layout_loops_ring
D:4:      corexii_shantytown, layout_basic, kennysheep_generic_room_9
D:5:      layout_loops_corners, nicolae_hepliaklqana_ecumenical_no_more,
          nicolae_ossuary_entry_false_entrances, serial_shops, shop,
          gup_sewer_entry_spiral, hex_medium, uniq_edmund
D:6:      layout_gridville, minmay_shop_grid_forest
D:7:      layout_rooms, lemuel_temple_firewalk_a, serial_shops,
          nicolae_shop_stone, minmay_gold_behind_fungi, guppyfry_shop_venom
D:8:      layout_layer_cave, minmay_hollow_rounded_squares

Skill      XL: |  1  2  3  4  5  6  7  8  9 |
---------------+----------------------------+-----
Fighting       | 3 4 5 |  5.9
Dodging        | 3 4 5 6 |  6.0
Unarmed Combat | 4 5 6 7 |  7.1
Shields        | 1 2 3 4 |  4.0

Action                   |  1- 3 |  4- 6 |  7- 9 || total
-------------------------+-------+-------+-------++-------
Melee: Unarmed           |    58 |   125 |   255 ||   438
       Punch             |       |     1 |     8 ||     9
Invok: Berserk           |     1 |     2 |     2 ||     5
  Use: Scroll            |       |     9 |     1 ||    10
 Stab: Sleeping          |       |     2 |       ||     2
Armor: Animal skin       |    26 |    30 |    61 ||   117
Dodge: Dodged            |    26 |    42 |   127 ||   195
